Map: Ever Dream LE

Players

Bruh - Winner!

  • Race: Terran Terran
  • League: Master
  • Spawn Location: 7:00

Flex

  • Race: Protoss Protoss
  • League: Master
  • Spawn Location: 1:00

VOD

Have the link to the VOD?

Description

Time

  • Played on: Sept. 6, 2020, 10:36 a.m.
  • Length: 5:05
Show
View Real Time Build Order
Export as new Build Order

Bruh Terran - Winner!

Build Orders: 2 Factory, Cyclone Opening 

Get SALT Encoding   

  12  0:00  SCV  
  13  0:12  SCV  
  14  0:16  Supply Depot  
  14  0:24  SCV  
  15  0:31  Refinery  
  15  0:38  SCV  
  16  0:44  Barracks  
  16  0:50  SCV  
  16  0:56  Refinery  
  17  1:02  SCV  
  18  1:15  SCV  
  19  1:30  Orbital Command  
  19  1:33  Reaper  
  19  1:37  Factory  
  20  1:44  Supply Depot  
  20  1:57  SCV  
  21  2:05  Barracks Tech Lab  
  21  2:11  SCV  
  22  2:23  SCV  
  23  2:30  Command Center  
  23  2:35  Cyclone  
  23  2:37  SCV  
  27  2:40  Mag-Field Accelerator  
  28  2:51  SCV  
  28  2:57  Supply Depot  
  28  3:07  SCV  
  29  3:18  Cyclone, Factory  
  32  3:22  SCV  
  33  3:34  Refinery  
  33  3:41  Orbital Command  
  33  3:43  SCV  
  34  3:50  Cyclone  
  34  3:51  Factory  
  37  3:57  SCV  
  38  4:06  Factory Tech Lab  
  38  4:09  SCV  
  39  4:21  SCV  
  40  4:24  Cyclone  
  40  4:25  Cyclone  
  45  4:39  Factory Tech Lab  
  45  4:46  SCV x2  
  45  4:51  Refinery, Supply Depot  
Show
View Real Time Build Order
Export as new Build Order

Flex Protoss 

Build Orders: 1 Gate Expand, Phoenix Opening 

Get SALT Encoding   

  12  0:00  Probe  
  13  0:12  Probe  
  14  0:17  Pylon  
  14  0:24  Probe (Chrono Boost)  
  15  0:37  Probe (Chrono Boost)  
  15  0:39  Gateway  
  16  0:45  Probe (Chrono Boost)  
  16  0:46  Assimilator  
  17  0:51  Probe  
  18  1:03  Probe  
  19  1:15  Probe  
  20  1:26  Cybernetics Core  
  20  1:36  Nexus  
  20  1:37  Probe  
  21  1:45  Pylon  
  21  1:50  Probe  
  21  1:52  Assimilator  
  22  2:02  Probe (Chrono Boost), Sentry (Chrono Boost)  
  22  2:07  Shield Battery  
  25  2:12  Warp Gate  
  25  2:14  Probe (Chrono Boost)  
  26  2:22  Probe (Chrono Boost)  
  27  2:23  Stalker  
  29  2:34  Phoenix  
  29  2:36  Probe  
  29  2:43  Twilight Council  
  29  2:47  Gateway  
  29  2:51  Probe  
  29  2:53  Probe  
  31  3:03  Shield Battery  
  32  3:06  Probe (Chrono Boost)  
  32  3:09  Probe (Chrono Boost)  
  33  3:18  Robotics Facility  
  34  3:20  Probe x2 (Chrono Boost)  
  35  3:27  Probe  
  35  3:30  Probe  
  37  3:40  Probe  
  38  3:43  Probe  
  39  3:52  Probe  
  39  3:55  Probe  
  41  4:00  Pylon  
  41  4:06  Nexus  
  41  4:09  Observer  
  42  4:13  Stalker  
  44  4:21  Stalker  
  44  4:40  Pylon  
  44  4:45  Stalker  
Tags
 
Add a new tag
Caveats
  • Supply blocks, unpowered buildings, or Contaminate may cause inaccurate times.
  • Supply counts are checked every 10 seconds.